 Dungeon Crawl Stone Soup version 0.31-a0-636-ge1c0e020e0 (webtiles) character file.

Game seed: 3156253457934159266

37 thirtiethelement the Trooper (level 3, -3/29 HPs)
             Began as a Demonspawn Fighter on Aug 27, 2023.
             Slain by Sigmund
             ... wielding a +0 scythe
              (10 damage)
             ... on level 2 of the Dungeon.
             The game lasted 00:02:25 (1166 turns).

thirtiethelement the Trooper (Demonspawn Fighter)   Turns: 1166, Time: 00:02:27

Health: -3/29      AC:  6    Str: 18    XL:     3   Next: 23%
Magic:  3/3        EV:  9    Int:  9    God:
Gold:   14         SH:  4    Dex: 12    Spells: 2/2 levels left

rFire   . . .        a - +0 war axe
rCold   . . .        c - +0 buckler
rNeg    . . .        b - +0 scale mail
rPois   .            (no helmet)
rElec   .            (no cloak)
rCorr   .            (no gloves)
SInv    .            (no boots)
Will    .....        (no amulet) Stlth
                     (no ring)
HPRegen 0.24/turn    (no ring)
MPRegen 0.08/turn

%: no passive effects
@: mighty
A: condensation shield
a: no special abilities


You were on level 2 of the Dungeon.
You visited 1 branch of the dungeon, and saw 2 of its levels.

You collected 14 gold pieces.

Inventory:

Hand Weapons
 a - a +0 war axe (weapon)
Armour
 b - a +0 scale mail (worn)
 c - a +0 buckler (worn)
Jewellery
 l - an amulet of faith
 m - a +6 ring of intelligence
Scrolls
 h - 2 scrolls of identify {unknown}
 k - a scroll of enchant armour {unknown}
Potions
 e - a potion of magic {unknown}
 f - a potion of curing {unknown}
 g - a potion of lignification {unknown}
 i - a potion of cancellation {unknown}
 j - a potion of haste {unknown}


   Skills:
 + Level 3.2 Fighting
 + Level 2.3 Axes
 + Level 3.1 Armour
 + Level 3.0 Shields


You had 2 spell levels left.
You didn't know any spells.
Your spell library was empty.

Dungeon Overview and Level Annotations

Branches:
Dungeon (2/15)

Altars:

Shops:
D:1 ([

Annotations:
D:2 Robin, Sigmund


Innate Abilities, Weirdness & Mutations

A meltable shield of frost defends you. (SH +0)


Message History

A goblin comes into view. It is wielding a +0 club.
Sigmund closely misses you.
You barely miss Sigmund.
Sigmund is lightly wounded.
Sigmund hits you with a +0 scythe.
You are too injured to fight recklessly!
You are too injured to fight recklessly!
You are too injured to fight recklessly!
You are too injured to fight recklessly!
You are too injured to fight recklessly!
You are too injured to fight recklessly!
You are too injured to fight recklessly!
You feel very mighty all of a sudden. Sigmund hits you with a +0 scythe.
Robin of the Strong Arm comes into view.
They are wielding a +0 club.
You hit Sigmund but do no damage.
Sigmund is lightly wounded.
A quokka comes into view.
A goblin comes into view. It is wielding a +0 dagger.
Sigmund mumbles some strange words.
Sigmund flickers and vanishes!
Deactivating autopickup; reactivate with Ctrl-A.
You closely miss the goblin. You closely miss something.
Something hits you but does no damage.
Robin roars a battlecry!
The goblins go into a battle-frenzy!
The goblin hits you but does no damage.
You completely miss the goblin. You barely miss something.
You slash the goblin!
You kill the goblin!
The goblin hits you with a +0 club. Something hits you.
Robin roars a battlecry!
A goblin comes into view. It is wielding a +0 dagger.
You miss the goblin. You barely miss something.
The goblin hits you but does no damage.
A goblin comes into view. It is wielding a +0 club.
Robin throws the goblin at you!
* * * LOW HITPOINT WARNING * * *
Something hits you!
You die...

#...##>..##
..######..## #.
..# #.....# ...
.## #..###.## #...
. #.# #..# ...#g
#.. ##.##
####rgg.. #.
#..###.....# #
####....)g...#
#.####......g@{#.
#.......#.#####..#
..#........# ##
....#.####.# ..#
#. .# . . .# .# .#
## .# .#


You could see Robin, a quokka and 4 goblins.

Vanquished Creatures
  5 ball pythons
  4 endoplasms
  3 giant cockroaches
  3 goblins
  2 hobgoblins
  3 kobolds (D:1)
  2 quokkas (D:1)
  4 bats (D:1)
  2 frilled lizards (D:1)
  3 rats (D:1)
31 creatures vanquished.

Notes
Turn   | Place    | Note
-------+----------+-------------------------------------------
     0 | D:1      | thirtiethelement the Demonspawn Fighter began the quest for
                  | the Orb.
     0 | D:1      | Reached XP level 1. HP: 18/18 MP: 1/1
     0 | D:1      | Noticed an orb of fire
     1 | D:1      | Noticed a shadow dragon
     2 | D:1      | Noticed a large abomination
     6 | D:1      | Noticed an ice dragon
     7 | D:1      | Noticed a shadow dragon
    10 | D:1      | Noticed an orb of fire
    10 | D:1      | Noticed an ice dragon
    14 | D:1      | Noticed a tentacled monstrosity
    16 | D:1      | Noticed a tentacled monstrosity
    16 | D:1      | Noticed a large abomination
    16 | D:1      | Noticed a shadow dragon
    18 | D:1      | Noticed a tentacled monstrosity
    20 | D:1      | Noticed an ice dragon
   113 | D:1      | Gained mutation: A meltable shield of frost defends you.
                  | (SH +0) [demonic ancestry]
   113 | D:1      | Reached XP level 2. HP: 24/24 MP: 2/2
   277 | D:1      | Found Ugoufuuq's Antique Weapon Boutique.
   740 | D:1      | Found Kaow Awa's Armour Shoppe.
   778 | D:1      | Found a faded altar of an unknown god.
   864 | D:1      | Reached XP level 3. HP: 26/29 MP: 3/3
  1155 | D:2      | Noticed Sigmund
  1162 | D:2      | Noticed Robin
  1166 | D:2      | Slain by Sigmund

Illustrated notes

Levels and vault maps discovered:
D:1:      shiori_arrival_whats_in_store_for_you, layout_basic,
          nicolae_ecumenical_lake_church, serial_shops,
          nicolae_shop_back_alley_shop, nicolae_shop_advertising_works
          [nicolae_subvault_shop_adworks]
D:2:      layout_rooms, uniq_sigmund, uniq_robin

Skill      XL: |  1  2 |
---------------+-------+-----
Axes           | 2 |  2.3
Shields        | 3 |  3.0
Armour         | 3 |  3.1
Fighting       | |  3.2

Action                     || total
---------------------------++-------
  Melee: War axe           ||    68
    Use: Potion            ||     1
 Armour: Scale mail        ||    31
  Dodge: Dodged            ||    16
  Block: Buckler           ||    29

Table legend: (Time is in decaauts)
 A = Elapsed time spent in this place.
 B = Non-inter-level travel time spent in this place.
 C = Inter-level travel time spent in this place.
 D = Time resting spent in this place.
 E = Time spent auto-exploring this place.
 F = Levels seen in this place.
 G = Mean time per level.
                   A        B        C        D        E       F      G
               +--------+--------+--------+--------+--------+-----+--------+
         Total |   1197 |   1164 |     33 |      0 |    959 |   2 |  598.5 |
       Dungeon |   1197 |   1164 |     33 |      0 |    959 |   2 |  598.5 |
               +--------+--------+--------+--------+--------+-----+--------+

Top non-repeatable levels by time:
     D:1: 1087 daAuts
     D:2: 110 daAuts
